 Dungeon Crawl Stone Soup version 0.29.1-2-gbd0b4ee654 (webtiles) character file.

Game seed: 7062311670386497635

53 zeram the Sneak (level 3, 0/24 HPs)
             Began as an Octopode Brigand on Nov 18, 2022.
             Slain by a goblin
             ... wielding a +0 dagger
             ... led by Robin
              (3 damage)
             ... on level 2 of the Dungeon.
             The game lasted 00:01:18 (1484 turns).

zeram the Sneak (Octopode Brigand)                  Turns: 1484, Time: 00:01:19

Health: 0/24       AC:  1    Str: 10    XL:     3   Next: 87%
Magic:  3/3        EV: 12    Int: 15    God:
Gold:   71         SH:  0    Dex: 13    Spells: 2/2 levels left

rFire   . . .      SeeInvis .   a - +2 dagger
rCold   . . .      Faith    .   (no shield)
rNeg    . . .      Spirit   .   (helmet restricted)
rPois   .          Reflect  .   (no amulet)
rElec   .          Harm     .   (no ring)
rCorr   .          Rampage  .   (no ring)
Will    .....                   (no ring)
Stlth   ++++......              (no ring)
HPRegen 0.08/turn               (no ring)
MPRegen 0.08/turn               (no ring)
                                (no ring)
                                (no ring)

@: mighty, flying
A: almost no armour, amphibious, 8 rings, camouflage 1, gelatinous body 1,
(nimble swimmer 1), tentacles
a: no special abilities


You were on level 2 of the Dungeon.
You visited 1 branch of the dungeon, and saw 2 of its levels.

You collected 71 gold pieces.

Inventory:

Hand Weapons
 a - a +2 dagger (weapon)
 l - a +0 whip of venom
Missiles
 b - 9 poisoned darts (quivered)
 c - 3 curare-tipped darts
Scrolls
 i - a scroll of enchant weapon {unknown}
 m - a scroll of blinking {unknown}
Potions
 d - a potion of mutation {unknown}
 e - a potion of degeneration {unknown}
 f - a potion of curing {unknown}
 g - a potion of heal wounds {unknown}
 h - a potion of flight
 j - a potion of might
 k - a potion of ambrosia {unknown}


   Skills:
 - Level 2.0 Fighting
 - Level 2.0 Short Blades
 - Level 2.0 Throwing
 + Level 1.0 Dodging
 + Level 7.4 Stealth


You had 2 spell levels left.
You didn't know any spells.
Your spell library was empty.

Dungeon Overview and Level Annotations

Branches:
Dungeon (2/15)

Altars:

Annotations:
D:2 Robin


Innate Abilities, Weirdness & Mutations

You cannot wear most types of armour.
You are amphibious.
You can wear up to eight rings at the same time.
Your skin changes colour to match your surroundings (Stealth+).
Your rubbery body absorbs attacks. (AC +1, EV +1)
((You are camouflaged when in or above water. (Stealth+)))
You have tentacles for arms and can constrict up to eight enemies at once.


Message History

The goblin shouts! x3; Robin shouts!
The goblin shouts! x2
Robin throws the goblin at you! The goblin closely misses you.
The goblin hits you with a +0 dagger.
The goblin shouts!
The goblin shouts!
You hit the goblin. Your grab misses the goblin.
The goblin is moderately wounded.
Robin roars a battlecry!
The goblins go into a battle-frenzy!
The goblin misses you. The goblin barely misses you.
Unknown command.
The goblin attacks as you move away! The goblin hits you with a +0 dagger.
Robin throws the goblin at you! The goblin hits you with a +0 club. x2
There is an open door here.
The goblin attacks as you move away! The goblin barely misses you.
The goblin attacks as you move away! The goblin hits you with a +0 dagger.
You hit the goblin. You grab the goblin. Your squeeze misses the goblin.
The goblin is severely wounded.
You constrict the goblin.
You kill the goblin!
You hit the goblin but do no damage. You grab the goblin.
You constrict the goblin. You hit the goblin but do no damage.
The goblin is moderately wounded.
You constrict the goblin. The goblin barely misses you.
You hit the goblin.
You kill the goblin!
The goblin unwields a +0 dagger.
The goblin wields a +0 sling.
The goblin shoots a sling bullet.
The sling bullet hits you!
* * * LOW HITPOINT WARNING * * *
Robin roars a battlecry!
Unknown command.
Okay, then.
It was a potion of might.
You feel very mighty all of a sudden. The goblin closely misses you.
It was a potion of flight.
You feel very buoyant.
You fly up into the air.
The goblin hits you with a +0 dagger.
You die...

##### ####### #...#
#.....# #...#
#.....#########
#..g####..............
+.ggg@.'..............
#.gg####..............
#...# #..............
..ggg.#
#............).
###...g#
############### #....#
#.gg.# #.#### #.


You could see Robin, 2 hobgoblins and 5 goblins.

Vanquished Creatures
  2 adders (D:2)
  A worm (D:2)
  An orc (D:2)
  3 bats
  3 endoplasms
  A giant cockroach (D:2)
  9 goblins
  A hobgoblin (D:1)
  4 kobolds
  A quokka (D:1)
  A ball python (D:1)
  3 rats
30 creatures vanquished.

Notes
Turn   | Place    | Note
-------+----------+-------------------------------------------
     0 | D:1      | zeram the Octopode Brigand began the quest for the Orb.
     0 | D:1      | Reached XP level 1. HP: 14/14 MP: 1/1
   351 | D:1      | Reached XP level 2. HP: 19/19 MP: 2/2
   358 | D:1      | Reached skill level 6 in Stealth
  1128 | D:2      | Reached XP level 3. HP: 24/24 MP: 3/3
  1133 | D:2      | Reached skill level 7 in Stealth
  1474 | D:2      | Noticed Robin
  1484 | D:2      | Slain by a goblin

Illustrated notes

Levels and vault maps discovered:
D:1:      wheals_arrival_shading, layout_loops_ring
D:2:      layout_basic, uniq_robin

Skill      XL: |  1  2  3 |
---------------+----------+-----
Stealth        | 6 7 |  7.4
Fighting       | |  2.0
Short Blades   | |  2.0
Throwing       | |  2.0
Dodging        | |  1.0

Action                   || total
-------------------------++-------
Melee: Dagger            ||    51
       Constrict         ||    16
       Punch             ||     1
       Tentacles         ||     4
  Use: Potion            ||     2
 Stab: Sleeping          ||    11
Armor: Skin              ||     4
Dodge: Dodged            ||    19
